 Dungeon Crawl Stone Soup version 0.25.1-1-g288607f5aa (webtiles) character file.

Game seed: 5571766824121490260

2246 BledDest the Carver (level 9, -1/96 HPs)
             Began as a Demonspawn Chaos Knight on July 28, 2020.
             Was a Plaything of Xom.
             Slain by an iron imp (7 damage)
             ... summoned by Xom
             ... on level 6 of the Dungeon.
             The game lasted 00:16:24 (8561 turns).

BledDest the Carver (Demonspawn Chaos Knight)       Turns: 8561, Time: 00:16:24

Health: -1/96      AC: 24    Str: 12      XL:     9   Next: 15%
Magic:  9/9        EV:  2    Int: 15      God:    Xom [*.....]
Gold:   326        SH:  0    Dex: 18 (19) Spells: 8/8 levels left

rFire    . . .     SeeInvis .   a - +0 falchion (chaos)
rCold    . . .     Gourm    .   (no shield)
rNeg     + + +     Faith    .   (armour currently unavailable)
rPois    +         Spirit   .   (helmet currently unavailable)
rElec    .         Reflect  .   (cloak currently unavailable)
rCorr    .         Harm     .   (gloves currently unavailable)
MR       .....     NoTele   +   (boots currently unavailable)
Stlth    +++.......             (no amulet)
HPRegen  0.26/turn              (no ring)
MPRegen  0.11/turn              (no ring)

@: brilliant, tree-form, drained
A: thin skeletal structure 2, demonic guardian 1, wild magic 1
a: Renounce Religion


You were on level 6 of the Dungeon.
You worshipped Xom.
You were a special plaything of Xom.
You were hungry.
You were a tree.
You visited 1 branch of the dungeon, and saw 6 of its levels.

You collected 326 gold pieces.

Inventory:

Hand Weapons
 a - a +0 falchion of chaos (weapon)
 b - the +3 hunting sling of the Absolute Madman {vorpal, +Blink rF+ Int-2}
   (You found it on level 4 of the Dungeon)

   Any stone fired from it inflicts extra damage.
   It affects your intelligence (-2).
   It protects you from fire.
   It lets you blink.
 q - a +2 dire flail of protection
 v - a +2 whip of pain
Missiles
 f - 133 stones
 g - 36 poisoned darts (quivered)
 w - 5 javelins
 A - 7 curare-tipped darts
 B - 6 sling bullets
Armour
 k - a +0 pair of boots (melded)
 y - a +2 leather armour (melded)
 C - a +0 kite shield
 E - a +0 ring mail
Wands
 p - a wand of random effects (19)
 t - a wand of iceblast (11)
Scrolls
 d - 4 scrolls of remove curse {unknown}
 i - 2 scrolls of blinking {unknown}
 j - 2 scrolls of amnesia {unknown}
 l - 3 scrolls of fog {unknown}
 m - a scroll of random uselessness {unknown}
 n - 8 scrolls of identify {unknown}
 o - 2 scrolls of teleportation {unknown}
 u - a scroll of immolation {unknown}
 D - a scroll of fear {unknown}
 F - a scroll of enchant weapon {unknown}
 H - 3 scrolls of enchant armour {unknown}
Potions
 e - a potion of stabbing {unknown}
 h - a potion of magic
 r - a potion of lignification
 s - a potion of degeneration {unknown}
 x - a potion of brilliance
 z - a potion of haste {unknown}
Comestibles
 c - 15 rations


   Skills:
 + Level 3.4(2.7) Fighting
 + Level 10.9(10.0) Long Blades
 + Level 2.3(1.6) Armour
 + Level 1.7(1.0) Dodging
 + Level 1.2(0.5) Shields


You had 8 spell levels left.
You didn't know any spells.
Your spell library was empty.

Dungeon Overview and Level Annotations

Branches:
Dungeon (6/15)             Temple (0/1) D:5

Altars:
Fedhas
Wu Jian

Annotations:
D:4 3 runed translucent doors, TheAraber's ghost, amateur GnIE


Innate Abilities, Weirdness & Mutations

((You have a pair of antennae on your head.))
You have a moderately thin skeletal structure. (Dex +4, Stealth+)
A weak demonic guardian rushes to your aid.
Your spells are a little harder to cast, but a little more powerful.


Message History

The silver sears you!
* * * LOW HITPOINT WARNING * * *
The weapon returns to the orc!
Your ufetubus hits the iron imp but does no damage. x2
It was a potion of magic.
Magic courses through your body.
Your ufetubus hits the iron imp but does no damage.
Your ufetubus barely misses the iron imp.
The orc throws a silver boomerang.
The silver boomerang misses you.
The weapon returns to the orc!
The iron imp hits you but does no damage.
It was a potion of brilliance.
You feel clever all of a sudden.
Your ufetubus hits the iron imp.
Your ufetubus barely misses the iron imp.
Your ufetubus hits the iron imp but does no damage. x2
It was a potion of lignification.
You turn into a tree.
Your +0 pair of boots melds into your body.
Your +2 leather armour melds into your body.
Your roots penetrate the ground.
The iron imp hits you!
You die...

#.#
#.#########§##
#.# #.#
#.....#.# #.#
#.# #.....#.#
#.# #.....#.##
#.# #.....#...
#.# #.....####
#5# #.....#
#5# #.....####
#♣# #........#
#o# #####.##.#
#o# #..... #.#
####.. #o# #
### #.# ...
#.#######o....
#....{{.o)....
#########.....


You could see an iron imp (summoned), 3 orcs and a friendly ufetubus (summoned).

Vanquished Creatures
  Eustachio (D:5)
  Edmund (D:6)
  Duvessa (D:5)
  A phantom (D:4)
  3 sky beasts
  2 centaurs
  2 ogres (D:4)
  A big kobold (D:6)
  A bullfrog (D:6)
  Dowan (D:5)
  A crimson imp (D:5)
  A hound (D:5)
  A bullfrog zombie (D:5)
  A jelly (D:6)
  2 centaur skeletons
  2 orc wizards
  An orc priest (D:5)
  Natasha (thrice) (D:2)
  An iguana (D:6)
  Ijyb (D:3)
  3 worker ants
  A hound skeleton (D:4)
  4 gnolls
  2 adders
  3 oozes
  2 adder zombies
  2 worms (D:2)
  A dart slug (D:1)
  3 leopard geckos
  12 orcs
  2 ball pythons (D:1)
  3 giant cockroaches
  3 goblins
  5 hobgoblins
  2 jackals (D:2)
  A quokka (D:4)
  11 bats
  9 frilled lizards
  A jackal skeleton (D:4)
  11 kobolds
  3 leopard gecko skeletons
  6 rats
  A butterfly (D:5)
119 creatures vanquished.

Vanquished Creatures (collateral kills)
  An orb spider (D:5)
  A golden eye (shapeshifter) (D:5)
  A phantom (D:4)
  A necrophage (D:5)
  A bullfrog skeleton (D:5)
  An orc wizard (D:5)
  An orc (D:6)
7 creatures vanquished.

Vanquished Creatures (others)
  A sky beast (D:6)
1 creature vanquished.

Grand Total: 127 creatures vanquished

Notes
Turn   | Place    | Note
-------+----------+-------------------------------------------
     0 | D:1      | BledDest the Demonspawn Chaos Knight began the quest for
                  | the Orb.
     0 | D:1      | Reached XP level 1. HP: 18/18 MP: 1/1
   171 | D:1      | XOM: silly message
   318 | D:1      | Reached skill level 3 in Long Blades
   545 | D:1      | Gained mutation: You have a somewhat thin skeletal
                  | structure. (Dex +2, Stealth) [demonic ancestry]
   545 | D:1      | Reached XP level 2. HP: 24/24 MP: 2/2
   567 | D:1      | XOM: noise
   576 | D:1      | XOM: noise
   873 | D:2      | Found an ornate altar of the Wu Jian Council.
   893 | D:2      | Noticed Natasha
   903 | D:2      | Killed Natasha
   903 | D:2      | Reached skill level 4 in Long Blades
   903 | D:2      | Reached XP level 3. HP: 20/29 MP: 3/3
  1177 | D:2      | Reached XP level 4. HP: 25/35 MP: 4/4
  1291 | D:2      | Noticed Natasha
  1295 | D:2      | Killed Natasha
  1630 | D:2      | XOM: noise
  1637 | D:2      | Reached skill level 5 in Long Blades
  1655 | D:2      | Noticed a centaur
  1655 | D:2      | a worm changed into a centaur
  1658 | D:2      | Killed a centaur
  1658 | D:2      | Reached XP level 5. HP: 19/41 MP: 5/5
  2002 | D:2      | XOM: silly message
  2164 | D:2      | XOM: silly message
  2209 | D:2      | Noticed Natasha
  2214 | D:2      | Killed Natasha
  2396 | D:3      | Reached skill level 6 in Long Blades
  2550 | D:3      | Noticed Ijyb
  2568 | D:3      | Killed Ijyb
  2892 | D:3      | Gained mutation: You have a pair of small antennae on your
                  | head. [demonic ancestry]
  2892 | D:3      | Reached XP level 6. HP: 40/47 MP: 6/6
  3478 | D:4      | Reached skill level 7 in Long Blades
  3574 | D:4      | Found a runed translucent gate.
  3574 | D:4      | Found a runed translucent gate.
  3574 | D:4      | Found a runed translucent gate.
  3603 | D:4      | Noticed TheAraber's ghost (amateur GnIE)
  3642 | D:4      | XOM: divination: detect creatures
  3661 | D:4      | HP: 2/47 [gnoll/+0 flail (5)]
  4164 | D:4      | Gained mutation: A weak demonic guardian rushes to your
                  | aid. [demonic ancestry]
  4164 | D:4      | Reached XP level 7. HP: 44/52 MP: 7/7
  4310 | D:4      | Reached skill level 8 in Long Blades
  4544 | D:4      | Got a faintly glowing hunting sling
  4545 | D:4      | Identified the +3 hunting sling of the Absolute Madman
                  | {vorpal, +Blink rF+ Int-2} (You found it on level 4 of the
                  | Dungeon)
  4643 | D:4      | Found a blossoming altar of Fedhas.
  4849 | D:5      | Entered Level 5 of the Dungeon
  4849 | D:5      | Found a staircase to the Ecumenical Temple.
  4855 | D:5      | Noticed an orb spider
  4855 | D:5      | an ice beast changed into an orb spider
  4855 | D:5      | XOM: god gift: 7 curare-tipped darts
  4859 | D:5      | XOM: potion effect (brilliance)
  4863 | D:5      | XOM: summons 5 friendly demons
  4865 | D:5      | XOM: draining
  4876 | D:5      | XOM: fog
  4884 | D:5      | XOM: chaos cloud
  4890 | D:5      | Killed an orb spider
  5076 | D:5      | XOM: silly message
  5077 | D:5      | XOM: blink monster(s)
  5086 | D:5      | Reached skill level 9 in Long Blades
  5086 | D:5      | Gained mutation: You have a moderately thin skeletal
                  | structure. (Dex +4, Stealth+) [demonic ancestry]
  5086 | D:5      | Reached XP level 8. HP: 33/58 MP: 8/8
  5237 | D:5      | Noticed Eustachio
  5238 | D:5      | XOM: 4-stop teleportation journey
  5499 | D:5      | XOM: stat loss: -1 Str (11/12)
  5716 | D:5      | XOM: summons 3 hostile demons
  5771 | D:5      | Noticed Duvessa
  5823 | D:5      | XOM: torment (17/58 hp)
  6335 | D:5      | Noticed Dowan
  6344 | D:5      | Killed Dowan
  6347 | D:5      | Killed Duvessa
  6347 | D:5      | Reached skill level 10 in Long Blades
  6450 | D:5      | XOM: give mutation
  6450 | D:5      | Gained mutation: Your spells are a little harder to cast,
                  | but a little more powerful. [Xom's grace]
  6474 | D:5      | Noticed a shapeshifter
  6474 | D:5      | a giant cockroach changed into a shapeshifter
  6474 | D:5      | Noticed a troll
  6474 | D:5      | a shapeshifter changed into a troll
  6480 | D:5      | XOM: fog
  6515 | D:5      | XOM: fog
  6775 | D:5      | XOM: enchant monster (bad)
  6879 | D:5      | XOM: enchant monster (good)
  6883 | D:5      | Killed Eustachio
  7414 | D:6      | Noticed Edmund
  7467 | D:6      | XOM: enchant monster (good)
  7514 | D:6      | Killed Edmund
  7727 | D:6      | Reached skill level 1 in Dodging
  7762 | D:6      | XOM: silly message
  7775 | D:6      | Gained mutation: You have a pair of antennae on your head.
                  | [demonic ancestry]
  7775 | D:6      | Reached XP level 9. HP: 37/63 MP: 9/9
  8024 | D:6      | XOM: god gift: 32 gold pieces
  8162 | D:6      | XOM: 1-stop teleportation journey
  8280 | D:6      | Reached skill level 1 in Shields
  8484 | D:6      | XOM: summons 4 hostile demons
  8550 | D:6      | XOM: summons 1 hostile demon
  8561 | D:6      | Slain by an iron imp

Illustrated notes

Levels and vault maps discovered:
D:1:      dpeg_chamrin_arrival_tetris, layout_loops_ring, grunt_decor_arrowhead
D:2:      layout_loops_ring, lemuel_crystal_altar, uniq_natasha
D:3:      layout_loops_ring, uniq_ijyb
D:4:      layout_basic, kennysheep_mini, gammafunk_ghost_icy, first_ration
D:5:      layout_loops_ring, minmay_temple_entry_butterflies, uniq_duvessa,
          uniq_eustachio
D:6:      layout_basic, chequers_temple_overflow_statue_of_worship, uniq_edmund

Skill      XL: |  1  2  3  4  5  6  7  8  9 |
---------------+----------------------------+-----
Long Blades    | 3 4 5 6 7 9 10 | 10.9
Dodging        | 1 |  1.7
Armour         | 2 |  2.3
Shields        | 1 |  1.2
Fighting       | |  3.4

Action                   |  1- 3 |  4- 6 |  7- 9 || total
-------------------------+-------+-------+-------++-------
Melee: Falchion          |    70 |   178 |   345 ||   593
Throw: Dart              |       |     6 |       ||     6
  Use: Potion            |       |     1 |     4 ||     5
 Stab: Paralysed         |     1 |     1 |     6 ||     8
       Sleeping          |       |     4 |     4 ||     8
       Petrified         |       |     2 |       ||     2
       Distracted        |       |       |     3 ||     3
       Confused          |       |       |     2 ||     2
       Petrifying        |       |       |     1 ||     1
  Eat: Chunk             |     1 |     6 |    10 ||    17
       Ration            |       |     1 |     1 ||     2
Armor: Leather armour    |    21 |    58 |   119 ||   198
Dodge: Dodged            |    43 |    94 |   169 ||   306
       Rpst.: Falchion   |    13 |    28 |    46 ||    87
